 Dungeon Crawl Stone Soup version 0.23-a0-690-g0a1fc62 (console) character file.

161 Voker57 the Slasher (level 5, -5/40 HPs)
             Began as a Demonspawn Gladiator on Jan 11, 2019.
             Slain by an orc
             ... wielding a +0 flail
              (7 damage)
             ... on level 3 of the Dungeon.
             The game lasted 00:03:01 (2201 turns).

Voker57 the Slasher (Demonspawn Gladiator)          Turns: 2201, Time: 00:03:02

Health: -5/40      AC:  4    Str: 15    XL:     5   Next: 19%
Magic:  5/5        EV: 14    Int:  9    God:
Gold:   201        SH: 18    Dex: 20    Spells: 4/4 levels left

rFire    . . .     SeeInvis .   a - +0 long sword
rCold    . . .     Gourm    .   j - +0 large shield
rNeg     . . .     Faith    .   b - +0 leather armour
rPois    .         Spirit   .   c - +0 helmet
rElec    .         Reflect  .   (no cloak)
rCorr    .         Harm     .   (no gloves)
MR       .....                  (no boots)
Stlth    +++.......             (no amulet)
HPRegen  0.13/turn              (no ring)
MPRegen  0.09/turn              (no ring)

@: agile, slowed, very slow
A: large bone plates 2
a: no special abilities


You were on level 3 of the Dungeon.
You were hungry.

You visited 1 branch of the dungeon, and saw 3 of its levels.

You collected 201 gold pieces.

Inventory:

Hand Weapons
 a - a +0 long sword (weapon)
Missiles
 d - a throwing net (quivered)
Armour
 b - a +0 leather armour (worn)
 c - a +0 helmet (worn)
 j - a +0 large shield (worn)
Scrolls
 e - 2 scrolls of immolation {unknown}
 g - 2 scrolls of magic mapping {unknown}
 h - a scroll of teleportation {unknown}
 k - 5 scrolls of identify {unknown}
 m - a scroll of enchant armour {unknown}
 r - 2 scrolls of enchant weapon {unknown}
 s - a scroll of amnesia {unknown}
 t - a scroll of blinking {unknown}
 u - a scroll of fear {unknown}
Potions
 i - 2 potions of haste
 o - a potion of lignification {unknown}
 q - 3 potions of flight {unknown}
 v - 2 potions of heal wounds {unknown}
Comestibles
 f - 6 rations


   Skills:
 + Level 2.8 Fighting
 * Level 4.0 Long Blades
 - Level 1.7 Throwing
 + Level 1.1 Armour
 + Level 3.3 Dodging
 + Level 1.1 Shields


You had 4 spell levels left.
You didn't know any spells.
Your spell library was empty.

Dungeon Overview and Level Annotations

Branches:
Dungeon (3/15)

Altars:
Ashenzari
Makhleb
Ru


Innate Abilities, Weirdness & Mutations

You are mostly covered in large bone plates. (SH +6)


Message History

* * * LOW HITPOINT WARNING * * *
You block the orc's attack. The orc hits you but does no damage.
All of the chunks of flesh in your inventory have rotted away.
Okay, then.
You closely miss the orc. You block the orc's attack.
The orc hits you with a +0 mace.
* * * LOW HITPOINT WARNING * * *
You block the orc's attack.
You hit the orc but do no damage. You block the orc's attack. x3
The orc hits you with a +0 flail.
* * * LOW HITPOINT WARNING * * *
The orc barely misses you.
You riposte.
You barely miss the orc.
Throwing (i - inventory)
d - 2 throwing nets (quivered)
Press: ? - help, Shift-Dir - straight line, f - orc
Aim: an orc, wielding a +0 flail and wearing a +0 leather armour You throw a throwing net.
The throwing net barely misses the orc.
You block the orc's attack. x2
It was a potion of agility.
You feel agile all of a sudden. The orc hits you with a +0 flail!
You die...

## #.....#
##...##
##.## #(#
#.# ##'##
##(..##
##.....##
##....oo.##
#.....)@..#
+.........+
#.........#
##...(...##
##.....##
##...##
##+##


You could see 2 orcs.

Vanquished Creatures
  Jessica (D:2)
  2 orc wizards (D:3)
  2 adders (D:2)
  A dart slug (D:2)
  3 leopard geckos
  3 orcs (D:3)
  2 ball pythons
  8 bats
  5 giant cockroaches
  6 hobgoblins
  5 kobolds
  A quokka (D:2)
  9 frilled lizards
  4 goblins
  5 rats
57 creatures vanquished.

Notes
Turn   | Place    | Note
-------+----------+-------------------------------------------
     0 | D:1      | Voker57 the Demonspawn Gladiator began the quest for the
                  | Orb.
     0 | D:1      | Reached XP level 1. HP: 16/16 MP: 1/1
    94 | D:1      | Reached skill level 3 in Long Blades
   107 | D:1      | Gained mutation: You are partially covered in large bone
                  | plates. (SH +4) [demonic ancestry]
   107 | D:1      | Reached XP level 2. HP: 2/22 MP: 2/2
  1033 | D:2      | Gained mutation: You are mostly covered in large bone
                  | plates. (SH +6) [demonic ancestry]
  1033 | D:2      | Reached XP level 3. HP: 28/28 MP: 3/3
  1249 | D:2      | Found a sacrificial altar of Ru.
  1261 | D:2      | Found a burning altar of Makhleb.
  1606 | D:2      | Noticed Jessica
  1609 | D:2      | Killed Jessica
  1609 | D:2      | Reached XP level 4. HP: 34/34 MP: 4/4
  1859 | D:3      | Reached skill level 1 in Shields
  1876 | D:3      | Found a shattered altar of Ashenzari.
  2060 | D:3      | Reached skill level 1 in Armour
  2196 | D:3      | Reached skill level 4 in Long Blades
  2196 | D:3      | Reached XP level 5. HP: 11/40 MP: 5/5
  2199 | D:3      | HP: 2/40 [orc/+0 flail (4)]
  2201 | D:3      | Slain by an orc

Vault maps used:
D:1:      shiori_arrival_elements, minmay_misc_feat_nine_boxes
D:2:      minmay_alternating_diamond, grunt_temple_overflow_open,
          kennysheep_jessica_study
D:3:      ashenzari_altar_1, lemuel_round_altar, uniq_terence

Skill      XL: |  1  2  3  4 |
---------------+-------------+-----
Long Blades    | 3 4 |  4.0
Dodging        | 3 |  3.3
Shields        | 1 |  1.1
Armour         | 1 |  1.1
Fighting       | |  2.8
Throwing       | |  1.7

Action                   |  1- 3 |  4- 6 || total
-------------------------+-------+-------++-------
Melee: Long sword        |   125 |    85 ||   210
Throw: Throwing net      |       |     4 ||     4
  Use: Potion            |       |     4 ||     4
  Eat: Chunk             |     2 |     2 ||     4
Armor: Leather armour    |    49 |    21 ||    70
Dodge: Dodged            |    64 |    17 ||    81
Block: Large shield      |    70 |    84 ||   154
       Other             |     8 |       ||     8
       Rpst.: Long sword |    18 |     5 ||    23

Table legend:
 A = Non-vault XP
 B = Vault XP
 C = Vault XP percentage of total XP
 D = Non-vault monster count
 E = Vault monster count
 F = Vault count percentage of total count
                 A         B        C        D         E       F
            +---------+---------+-------+---------+---------+-------
      Total |     186 |      45 |  19.5 |      52 |       5 |   8.8
            +---------+---------+-------+---------+---------+-------
        D:1 |      32 |       0 |   0.0 |      19 |       0 |   0.0
        D:2 |      48 |      45 |  48.4 |      15 |       5 |  25.0
        D:3 |     106 |       0 |   0.0 |      18 |       0 |   0.0
            +---------+---------+-------+---------+---------+-------
